 Dungeon Crawl Stone Soup version 0.18.1-48-g4cf74bf (webtiles) character file.

2012 Peloso the Blocker (level 9, -9/75 HPs)
             Began as a Minotaur Fighter on Aug 30, 2016.
             Was an Initiate of Okawaru.
             Killed from afar by Gottschkopf's ghost (20 damage)
             ... with a bolt of negative energy
             ... on level 8 of the Dungeon.
             The game lasted 00:17:21 (6260 turns).

Peloso the Blocker (Minotaur Fighter)               Turns: 6260, Time: 00:17:21

Health: -9/75      AC: 11    Str: 27    XL:     9   Next: 2%
Magic:  8/8        EV:  9    Int:  5    God:    Okawaru [......]
Gold:   328        SH: 12    Dex: 15    Spells: 0 memorised, 8 levels left

rFire  . . .     SeeInvis .     a - +0 long sword
rCold  . . .     Gourm    .     s - +0 chain mail
rNeg   . . .     Faith    .     c - +0 shield
rPois  .         Spirit   .     (helmet restricted)
rElec  .         Dismiss  .     (no cloak)
rCorr  .         Reflect  .     (no gloves)
SustAt .         Harm     .     k - +0 pair of boots
MR     .....                    i - amulet of inaccuracy (curse)
Stlth  ..........               y - +3 ring of dexterity
                                C - ring of stealth

@: mighty, heavily drained, not resistant to hostile enchantments, extremely
unstealthy
A: retaliatory headbutt, horns 2
a: Renounce Religion


You were on level 8 of the Dungeon.
You worshipped Okawaru.
Okawaru was noncommittal.
You were near starving.

You visited 2 branches of the dungeon, and saw 9 of its levels.

You collected 328 gold pieces.

Inventory:

Hand Weapons
 a - a +0 long sword (weapon)
 x - a +0 dagger of flaming
Armour
 b - a +0 scale mail
 c - a +0 shield (worn)
 k - a +0 pair of boots (worn)
 s - a +0 chain mail (worn)
Jewellery
 i - a cursed amulet of inaccuracy (around neck)
 l - an uncursed amulet of dismissal {unknown}
 o - an uncursed ring of see invisible
 v - an uncursed amulet of regeneration {unknown}
 y - a +3 ring of dexterity (right hand)
 B - a +5 ring of evasion
 C - a ring of stealth (left hand)
 E - a +2 amulet of reflection {unknown}
 I - a +2 ring of protection {unknown}
Wands
 e - a wand of enslavement (24/24)
 D - a wand of lightning (3/15)
 F - a wand of polymorph (7/24)
Scrolls
 m - 2 scrolls of blinking
 q - a scroll of amnesia
 r - 5 scrolls of identify
 u - a scroll of enchant weapon {unknown}
 A - a scroll of recharging
Potions
 p - 2 potions of curing
 t - 4 potions of haste
 z - a potion of flight
 H - 2 potions of resistance {unknown}
Books
 w - a Grand Grimoire

   Spells                             Type                      Level
   a - Monstrous Menagerie            Summoning                    7
   b - Summon Greater Demon           Summoning                    7
   c - Malign Gateway                 Summoning/Translocation      7
   d - Summon Horrible Things         Summoning                    8
Comestibles
 f - 5 bread rations
 j - 3 meat rations


   Skills:
 + Level 5.7(4.2) Fighting
 + Level 5.2(3.7) Long Blades
 + Level 7.9(6.3) Armour
 + Level 5.5(4.0) Dodging
 + Level 1.0(0.0) Stealth
 + Level 8.9(7.3) Shields


You had 8 spell levels left.
You didn't know any spells.

Dungeon Overview and Level Annotations

Branches:
Dungeon (8/15)             Temple (1/1) D:7
   Lair: D:8-11

Altars:
Ashenzari
Cheibriados
Dithmenos
Elyvilon
Fedhas
Gozag
Kikubaaqudgha
Makhleb
Nemelex Xobeh
Okawaru
Pakellas
Qazlal
Ru
Sif Muna
Trog
Vehumet
Xom
Yredelemnul
Zin
The Shining One

Shops:
D:3 *

Annotations:
D:8 Gottschkopf's ghost, novice DrTm


Innate Abilities, Weirdness & Mutations

You reflexively headbutt those who attack you in melee.
You have a pair of horns on your head.


Message History

Gottschkopf's ghost closely misses you.
Unknown command.
You closely miss Gottschkopf's ghost.
Gottschkopf's ghost is almost destroyed.
Gottschkopf's ghost hits you.
* * * LOW HITPOINT WARNING * * *
You miss Gottschkopf's ghost.
Your headbutt misses Gottschkopf's ghost.
Gottschkopf's ghost is almost destroyed.
Gottschkopf's ghost hits you but does no damage. x2
You barely miss Gottschkopf's ghost.
Your headbutt misses Gottschkopf's ghost.
Gottschkopf's ghost is almost destroyed.
You block Gottschkopf's ghost's attack.
You closely miss Gottschkopf's ghost.
Your headbutt misses Gottschkopf's ghost.
Gottschkopf's ghost is almost destroyed.
Gottschkopf's ghost breathes negative energy at you.
The bolt of negative energy hits you!
You feel drained.
You die...

### ### #.# ##### ...
#.##..... #.#
#.......# #.#
##........ #.#
#.....# #@# #.<#
#W######(.#.#§§ #
#(..##.(....§§§#
#...#..[c..........#
........)####........
......(............##
......####...#######
...... ..#... .%####
...#.


You could see Gottschkopf's ghost.

Vanquished Creatures
  A sky beast (D:5)
  3 ice beasts
  2 ogres
  A centaur (D:8)
  2 giant frogs
  A gnoll sergeant (D:6)
  3 scorpions
  6 killer bees (D:7)
  3 wights (D:7)
  5 orc priests
  2 centaur skeletons (D:6)
  Terence (D:3)
  An iguana (D:4)
  4 orc wizards
  2 worker ants
  3 gnolls (D:6)
  8 adders
  A howler monkey skeleton (D:6)
  An ooze (D:4)
  An adder zombie (D:7)
  2 worms (D:2)
  A dart slug (D:2)
  4 giant geckos
  23 orcs
  4 bats
  5 giant cockroaches
  7 goblins
  11 hobgoblins
  13 jackals
  5 quokkas
  2 ball pythons
  A giant gecko skeleton (D:4)
  A giant gecko zombie (D:5)
  3 giant newts
  9 kobolds
  A quokka zombie (D:5)
  9 rats
152 creatures vanquished.

Vanquished Creatures (others)
  An orc wizard (D:8)
1 creature vanquished.

Grand Total: 153 creatures vanquished

Notes
Turn   | Place    | Note
--------------------------------------------------------------
     0 | D:1      | Peloso the Minotaur Fighter began the quest for the Orb.
     0 | D:1      | Reached XP level 1. HP: 19/19 MP: 0/0
    64 | D:1      | Reached XP level 2. HP: 25/27 MP: 1/1
   288 | D:1      | Reached skill level 4 in Shields
   396 | D:1      | Reached XP level 3. HP: 18/33 MP: 2/2
   506 | D:2      | Found a shattered altar of Ashenzari.
   510 | D:2      | Found a snail-covered altar of Cheibriados.
   643 | D:2      | Found a stormy altar of Qazlal.
   674 | D:2      | Reached skill level 1 in Dodging
   850 | D:2      | Reached XP level 4. HP: 28/40 MP: 3/3
  1302 | D:2      | Reached skill level 5 in Shields
  1436 | D:3      | Found an opulent altar of Gozag.
  1442 | D:3      | Found Gozag's Platinum Reserve.
  1577 | D:3      | Found a basalt altar of Yredelemnul.
  1578 | D:3      | Found a bloodstained altar of Trog.
  1745 | D:3      | Reached XP level 5. HP: 27/46 MP: 4/4
  1770 | D:3      | HP: 1/46 [orc priest/dagger (4)]
  2145 | D:3      | Found a shimmering altar of Xom.
  2234 | D:3      | Noticed Terence
  2244 | D:3      | Killed Terence
  2380 | D:4      | Reached skill level 5 in Armour
  2380 | D:4      | Reached XP level 6. HP: 53/53 MP: 5/5
  3501 | D:5      | Entered Level 5 of the Dungeon
  3722 | D:5      | Reached skill level 5 in Fighting
  3722 | D:5      | Reached skill level 6 in Shields
  3722 | D:5      | Reached XP level 7. HP: 15/61 MP: 6/6
  3994 | D:5      | Found a white marble altar of Elyvilon.
  4670 | D:6      | Reached skill level 1 in Stealth
  4691 | D:6      | Found Qoyjuekk's Distillery.
  4702 | D:6      | Reached skill level 7 in Shields
  4706 | D:6      | Reached XP level 8. HP: 41/68 MP: 7/7
  5240 | D:7      | Reached skill level 5 in Dodging
  5473 | D:7      | Reached skill level 8 in Shields
  5710 | D:7      | Reached skill level 5 in Long Blades
  5938 | D:7      | Found a staircase to the Ecumenical Temple.
  5943 | Temple   | Entered the Ecumenical Temple
  6000 | Temple   | Became a worshipper of Warmaster Okawaru
  6215 | D:8      | Noticed Gottschkopf's ghost (novice DrTm)
  6230 | D:8      | Reached XP level 9. HP: 17/75 MP: 8/8
  6252 | D:8      | HP: 3/75 [Gottschkopf's ghost (5)]
  6260 | D:8      | Killed from afar by Gottschkopf's ghost

Skill      XL: |  1  2  3  4  5  6  7  8 |
---------------+-------------------------+-----
Shields        | 4 5 6 7 8 |  8.9
Fighting       | 4 5 |  5.7
Armour         | 4 5 6 7 |  7.9
Dodging        | 1 2 3 4 5 |  5.5
Long Blades    | 3 4 5 |  5.2
Stealth        | 1 |  1.0

Action                   |  1- 3 |  4- 6 |  7- 9 || total
-------------------------+-------+-------+-------++-------
Melee: Long sword        |   106 |   285 |   237 ||   628
       Headbutt          |     9 |    35 |    42 ||    86
  Use: Scroll            |       |    11 |     1 ||    12
       Potion            |       |     1 |     4 ||     5
  Eat: Chunk             |       |    10 |     5 ||    15
       Beef jerky        |       |       |     1 ||     1
Armor: Scale mail        |    75 |   113 |       ||   188
       Chain mail        |       |    19 |    90 ||   109
       Skin              |       |       |     3 ||     3
Dodge: Dodged            |    64 |   101 |   108 ||   273
Block: Shield            |    95 |   124 |   159 ||   378
